 Dungeon Crawl Stone Soup version 0.17-a0-1399-gd5b76e1 (webtiles) character file.

2362 bal the Covert (level 9, -1/46 HPs)
             Began as a Vine Stalker Monk on June 19, 2015.
             Was an Elder of Nemelex Xobeh.
             Killed by the air
             ... invoked by Gastronok
              (29 damage)
             ... on level 8 of the Dungeon.
             The game lasted 00:32:12 (4645 turns).

bal the Covert (Vine Stalker Monk)                  Turns: 4645, Time: 00:32:18

Health: -1/46      AC:  5    Str: 15      XL:     9   Next: 44%
Magic:  0/11       EV: 17    Int: 12      God:    Nemelex Xobeh [****..]
Gold:   406        SH:  0    Dex: 18 (19) Spells: 1 memorised, 6 levels left

rFire  + . .     SeeInvis .     a - +2 dagger (venom)
rCold  + . .     Clarity  .     e - +0 robe
rNeg   . . .     SustAt   .     (no shield)
rPois  +         Gourm    .     (helmet restricted)
rElec  +         Spirit   +     p - +0 cloak
rCorr  +         Warding  .     i - +1 pair of gloves
rMut   .         Stasis   .     (no boots)
MR     +....                    (no amulet)
Stlth  +++++.....               (no ring)
                                (no ring)

@: resistant, drained, somewhat resistant to hostile enchantments, quite
stealthy
A: fangs 3, horns 1, clever 1, regeneration 3, magic shield, antimagic bite, no
device heal 3, rot immunity
a: Triple Draw, Deal Four, Renounce Religion


You were on level 8 of the Dungeon.
You worshipped Nemelex Xobeh.
Nemelex Xobeh was greatly pleased with you.
You were not hungry.

You visited 1 branch of the dungeon, and saw 8 of its levels.
You also visited: Sewer and Ossuary.

You collected 406 gold pieces.

Inventory:

Hand weapons
 a - a +2 dagger of venom (weapon)
 h - a +1 hand axe of venom
 w - a +0 hunting sling of flaming
Missiles
 k - 5 exploding tomahawks
 u - 10 tomahawks (quivered)
 D - 15 sling bullets
Armour
 e - a +0 robe (worn)
 i - a +1 pair of gloves (worn)
 p - a +0 cloak (worn)
 s - a +0 large shield
 E - a +0 leather armour of fire resistance
Jewellery
 l - a cursed ring of teleportation
 n - an uncursed ring of ice
 C - an uncursed ring of ice
Magical devices
 r - a wand of fire (6)
 t - a wand of polymorph (14)
 x - a wand of random effects (18)
Scrolls
 g - 7 scrolls of remove curse
 j - 3 scrolls of fear
 o - 2 scrolls of teleportation
 A - 4 scrolls of enchant armour
 F - a scroll of enchant weapon
 I - 7 scrolls of identify
 J - 2 scrolls of immolation
Potions
 m - a potion of berserk rage
 B - 6 potions of curing
 H - 4 potions of lignification
 M - a potion of brilliance
 N - 4 potions of flight
Books
 q - a book of Hinderance

   Spells                             Type                      Level
   a - Confusing Touch                Hexes                        2
   b - Confuse                        Hexes                        3
   c - Gell's Gravitas                Hexes/Translocation          3
   d - Petrify                        Transmutation/Earth          4
   e - Metabolic Englaciation         Hexes/Ice                    5
Miscellaneous
 f - an ornate deck of war {drawn: 8}
 y - a plain deck of war
 z - a legendary deck of war
Comestibles
 b - 5 bread rations
 c - 2 meat rations


   Skills:
 + Level 4.8 Fighting
 + Level 2.1 Short Blades
 + Level 0.6 Throwing
 + Level 6.5 Dodging
 + Level 10.2 Stealth
 + Level 4.6 Unarmed Combat
 + Level 2.1 Evocations


You had 6 spell levels left.
You knew the following spells:

 Your Spells              Type           Power        Failure   Level  Hunger
a - Confusing Touch       Hex            #.....       52%         2    ###....


Dungeon Overview and Level Annotations

Branches:
Dungeon (8/15)             Temple (0/1) D:4
   Lair: D:8-11

Altars:
Dithmenos
Fedhas
Makhleb
Nemelex Xobeh
Yredelemnul

Annotations:
D:8 Gastronok


Innate Abilities, Weirdness & Mutations

You have razor-sharp teeth.
You regenerate.
When hurt, damage is shared between your health and your magic reserves.
Your bite disrupts and absorbs the magic of your enemies.
Potions and wands cannot restore your health.
You are immune to rotting.
You have a pair of small horns on your head.
Your mind is acute. (Int +2)


Message History

Your insubstantial wisp hits Gastronok!
Your insubstantial wisp hits Gastronok.
Gastronok waves his eye-stalks in wide circles.
Your insubstantial wisp is struck by the twisting air!
Your insubstantial wisp is destroyed!
Your insubstantial wisp hits Gastronok.
Your insubstantial wisp blinks!
Your insubstantial wisp hits Gastronok!
Your insubstantial wisp hits Gastronok but does no damage.
Gastronok bites your insubstantial wisp!!
Your insubstantial wisp is destroyed!
Gastronok gurgles horribly!
Your insubstantial wisp hits Gastronok but does no damage.
Your insubstantial wisp hits Gastronok.
Your insubstantial wisp blinks!
Gastronok waves his eye-stalks in wide circles.
The air twists around and strikes you!
Ouch! That really hurt!
You die...
Your body glows with a rainbow of weird colours and disappears.

.........%....#
..............#
...........(..#
............v.#
..............#
..............#
.......<......#
..(.....)†....##
........)w..@..#
.........§.)...#
....§......)...#
!..............#
......v.....####
............#
..........##
.........#
.......


You could see Gastronok and 2 friendly insubstantial wisps.

Vanquished Creatures
  The ghost of Oddysee the Chopper, an average TeFi (D:4)
  3 ice beasts
  An ogre (D:7)
  A crocodile (Sewer)
  A centaur (D:7)
  A wyvern zombie (D:7)
  2 giant frogs
  A scorpion (D:5)
  3 killer bees (D:7)
  A wight (D:7)
  A crimson imp (D:7)
  A centaur zombie (Ossuary)
  3 orc wizards
  An orc priest (D:4)
  2 jellies (D:6)
  A centaur skeleton (D:6)
  2 hounds
  A giant frog skeleton (D:6)
  Natasha (twice) (D:4)
  An iguana (D:7)
  8 worker ants
  A big kobold zombie (Ossuary)
  A mummy (Ossuary)
  A hound zombie (D:5)
  2 worker ant zombies (D:7)
  A gnoll (D:6)
  7 adders
  2 oozes
  An adder zombie (D:5)
  2 worms
  A giant gecko (D:3)
  20 orcs
  16 bats
  3 giant cockroaches
  14 hobgoblins
  5 jackals
  12 kobolds
  3 quokkas
  3 ball pythons
  3 giant newts
  2 gnoll zombies (Ossuary)
  7 goblins
  3 goblin zombies
  A jackal skeleton (D:7)
  A kobold zombie (Ossuary)
  A quokka zombie (D:5)
  10 rats
161 creatures vanquished.

Vanquished Creatures (collateral kills)
  Eustachio (D:4)
  2 orc warriors
  3 wights (D:7)
  A centaur zombie (Ossuary)
  A human zombie (Ossuary)
  2 orc priests
  An orc wizard (D:3)
  4 mummies (Ossuary)
  2 river rats (D:5)
  A shadow imp (D:5)
  An adder skeleton (D:4)
  A worm (D:3)
  11 orcs
  A bat (D:4)
  A giant cockroach (D:5)
  A goblin (D:3)
  A kobold (D:3)
  3 ball pythons (D:5)
  A rat (D:5)
39 creatures vanquished.

Grand Total: 200 creatures vanquished

Notes
Turn   | Place    | Note
--------------------------------------------------------------
     0 | D:1      | bal the Vine Stalker Monk began the quest for the Orb.
     0 | D:1      | Reached XP level 1. HP: 11/11 MP: 2/2
   108 | D:1      | Reached XP level 2. HP: 14/16 MP: 3/3
   200 | D:1      | You fall through a shaft!
   330 | D:2      | Reached XP level 3. HP: 19/19 MP: 4/4
   337 | D:2      | Found a shadowy altar of Dithmenos.
   663 | D:2      | Found a blossoming altar of Fedhas.
   663 | D:2      | Found a sparkling altar of Nemelex Xobeh.
   668 | D:2      | Became a worshipper of Nemelex Xobeh the Trickster
   668 | D:2      | Received a gift from Nemelex Xobeh
   887 | D:3      | Reached XP level 4. HP: 21/24 MP: 5/5
  1221 | D:3      | Found a faded altar to an unknown god.
  1379 | D:4      | Reached XP level 5. HP: 22/28 MP: 6/6
  1411 | D:4      | Noticed an orc warrior
  1433 | D:4      | Killed an orc warrior
  1436 | D:4      | Gained mutation: You heal very quickly. [Vine Stalker growth]
  1436 | D:4      | Reached XP level 6. HP: 28/32 MP: 7/7
  1469 | D:4      | Noticed Oddysee's ghost (average TeFi)
  1494 | D:4      | Killed Oddysee's ghost
  1512 | D:4      | Reached skill level 1 in Evocations
  1512 | D:4      | Reached XP level 7. HP: 31/37 MP: 6/8
  1574 | D:4      | Received a gift from Nemelex Xobeh
  1790 | D:4      | Noticed Natasha
  1797 | D:4      | Killed Natasha
  1809 | D:4      | Noticed Eustachio
  1816 | D:4      | Killed Eustachio
  1816 | D:4      | Reached skill level 5 in Stealth
  1871 | D:4      | Found a staircase to the Ecumenical Temple.
  1897 | D:4      | Reached skill level 5 in Dodging
  2015 | D:4      | Noticed Natasha
  2028 | D:4      | Killed Natasha
  2178 | D:5      | Entered Level 5 of the Dungeon
  2197 | D:5      | Found a glowing drain.
  2243 | D:5      | Acquired Nemelex Xobeh's first power
  2249 | Sewer    | Entered a sewer
  2294 | Sewer    | Reached skill level 1 in Short Blades
  2338 | Sewer    | Learned a level 2 spell: Confusing Touch
  2389 | D:5      | Received a gift from Nemelex Xobeh
  2451 | D:5      | Reached skill level 6 in Stealth
  2606 | D:5      | Gained mutation: You have razor-sharp teeth. [Vine Stalker growth]
  2606 | D:5      | Reached XP level 8. HP: 42/42 MP: 10/10
  2608 | D:5      | Found a sand-covered staircase.
  2617 | Ossuary  | Entered an ossuary
  2842 | Ossuary  | Gained mutation: You have a pair of small horns on your head. [potion of mutation]
  2842 | Ossuary  | Gained mutation: Your mind is acute. (Int +2) [potion of mutation]
  2842 | Ossuary  | Gained mutation: You regenerate. [potion of mutation]
  2921 | D:5      | Received a gift from Nemelex Xobeh
  3408 | D:6      | Reached skill level 7 in Stealth
  3500 | D:6      | Found a burning altar of Makhleb.
  3612 | D:6      | Acquired Nemelex Xobeh's second power
  3619 | D:6      | Reached skill level 8 in Stealth
  3815 | D:7      | Received a gift from Nemelex Xobeh
  3865 | D:7      | Reached skill level 9 in Stealth
  3865 | D:7      | Reached XP level 9. HP: 31/46 MP: 8/11
  3964 | D:7      | Found a basalt altar of Yredelemnul.
  4025 | D:7      | Reached skill level 10 in Stealth
  4617 | D:8      | Noticed Gastronok
  4645 | D:8      | Killed from afar by Gastronok

Vault maps used:
D:1:      lemuel_arrival_rhombus, st_stairs_14, hangedman_decor_clover_reticule
D:2:      grunt_dithmenos_smoke_and_mirrors, gammafunk_temple_overflow_wave,
          first_bread, minmay_distorted
D:3:      ecumenical_altar_1, minmay_misc_feat_rows
D:4:      minmay_temple_entry_glassed_door, uniq_eustachio, uniq_natasha
D:5:      portal_sewer_entry_b, enter_ossuary_4
D:6:      lemuel_tele_altar
D:7:      lemuel_round_altar
D:8:      nicolae_gozag_cash_rules_everything_around_me, elyvilon_altar_4,
          serial_shops, shop, uniq_gastronok
Sewer:    sewer_big_baddie
Ossuary:  ossuary_crypta

Action                   |  1- 3 |  4- 6 |  7- 9 || total
-------------------------+-------+-------+-------++-------
Melee: Unarmed           |    12 |       |       ||    12
       Dagger            |    85 |    83 |   261 ||   429
Throw: Tomahawk          |     4 |     3 |       ||     7
Evoke: Deck              |     1 |     8 |    15 ||    24
       Wand              |       |     3 |       ||     3
  Use: Potion            |     2 |     1 |    14 ||    17
       Scroll            |       |       |    15 ||    15
 Stab: Sleeping          |     6 |     1 |    34 ||    41
       Invisible         |       |       |     2 ||     2
  Eat: Chunk             |       |     2 |     2 ||     4
       Meat ration       |       |       |     2 ||     2
       Beef jerky        |       |       |     1 ||     1
